 Dungeon Crawl Stone Soup version 0.27-a0-1191-g601b473118 (webtiles) character file.

Game seed: 14384069961718583826

217 st0uf the Digger (level 5, 0/28 HPs)
             Began as a Gargoyle Earth Elementalist on May 23, 2021.
             Was an Initiate of Vehumet.
             Slain by Pikel
             ... wielding a +0 whip of freezing
              (8 damage)
             ... on level 3 of the Dungeon.
             The game lasted 00:08:04 (3432 turns).

st0uf the Digger (Gargoyle Earth Elementalist)      Turns: 3432, Time: 00:08:12

Health: 0/28       AC:  7    Str: 11    XL:     5   Next: 94%
Magic:  7/9        EV: 12    Int: 17    God:    Vehumet [......]
Gold:   111        SH:  0    Dex: 10    Spells: 6/10 levels left

rFire    . . .     SeeInvis .   m - +1 short sword (venom)
rCold    . . .     Faith    .   (no shield)
rNeg     + . .     Spirit   .   c - +0 robe
rPois    ∞         Reflect  .   (no helmet)
rElec    +         Harm     .   (no cloak)
rCorr    .         Rampage  .   (no gloves)
Will     .....                  j - +0 pair of boots
Stlth    ++........             (no amulet)
HPRegen  0.09/turn              (no ring)
MPRegen  0.11/turn              (no ring)

@: no status effects
A: sickness immunity, AC +4, negative energy resistance 1, electricity
resistance, torment resistance 1, petrification resistance
a: Renounce Religion


You were on level 3 of the Dungeon.
You worshipped Vehumet.
Vehumet was noncommittal.
You visited 1 branch of the dungeon, and saw 4 of its levels.

You collected 111 gold pieces.

Inventory:

Hand Weapons
 e - a +0 spear
 m - a +1 short sword of venom (weapon)
Missiles
 b - 27 stones
 o - a throwing net
Armour
 c - a +0 robe (worn)
 j - a +0 pair of boots (worn)
Scrolls
 a - a scroll of noise {unknown}
 f - 4 scrolls of identify {unknown}
 g - a scroll of brand weapon {unknown}
Potions
 d - a potion of haste {unknown}
 h - 3 potions of might {unknown}
 i - a potion of mutation {unknown}
 k - a potion of degeneration {unknown}
 l - a potion of curing {unknown}
 n - a potion of brilliance {unknown}


   Skills:
 + Level 0.8 Fighting
 + Level 2.4 Dodging
 + Level 2.8 Stealth
 + Level 3.0 Spellcasting
 * Level 1.9 Conjurations
 + Level 0.7 Transmutations
 + Level 5.4 Earth Magic


You had 6 spell levels left.
You knew the following spells:

 Your Spells              Type           Power      Damage    Failure   Level
a - Sandblast             Erth           42%        2d11      1%          1
b - Stone Arrow           Conj/Erth      30%        3d8       12%         3

Your spell library contained the following spells:

 Spells                   Type           Power      Damage    Failure   Level
 Passwall                 Tmut/Erth      10%        N/A       8%          2
 Petrify                  Tmut/Erth      13%        N/A       43%         4
 Lee's Rapid Deconstruct  Erth           10%        3d9*      45%         5


Dungeon Overview and Level Annotations

Branches:
Dungeon (4/15)
 Temple: D:4-7

Altars:
Fedhas
Vehumet

Annotations:
D:2 Sigmund
D:3 Pikel


Innate Abilities, Weirdness & Mutations

You are immune to sickness and miasma.
Your stone body is resilient. (AC +4)
You are immune to poison.
You resist negative energy. (rN+)
You are resistant to electric shocks. (rElec)
You are resistant to unholy torment.
You are immune to petrification.


Message History

Casting: Sandblast (safe; 1% risk of failure)
Confirm with . or Enter, or press ? or * to list all spells.
Aiming: Sandblast (safe; 1% risk of failure)
Press: ? - help, Shift-Dir - straight line, f - Pikel
Aim: Pikel, wielding a +0 whip of freezing and wearing a +0 robe (76% to hit)
The blast of sand hits Pikel!
Pikel is moderately wounded.
Casting: Sandblast (safe; 1% risk of failure)
Confirm with . or Enter, or press ? or * to list all spells.
Aiming: Sandblast (safe; 1% risk of failure)
Press: ? - help, Shift-Dir - straight line, f/p - Pikel
Aim: Pikel, wielding a +0 whip of freezing and wearing a +0 robe (moderately wounded, 76% to hit)
The blast of sand misses Pikel.
Pikel says, "Hell isn't that bad."
Pikel hits you with a +0 whip of freezing.
Pikel freezes you.
You climb upwards.
There is a stone staircase leading down here.
Pikel misses you.
You closely miss Pikel.
Pikel is lightly wounded.
Pikel barely misses you.
You barely miss Pikel.
Pikel is lightly wounded.
Pikel barely misses you.
You hit Pikel.
Pikel is moderately wounded.
Pikel hits you with a +0 whip of freezing!
Pikel freezes you.
* * * LOW HITPOINT WARNING * * *
Unknown command.
Casting: Sandblast (safe; 1% risk of failure)
Confirm with . or Enter, or press ? or * to list all spells.
Aiming: Sandblast (safe; 1% risk of failure)
Press: ? - help, Shift-Dir - straight line, f - Pikel
Aim: Pikel, wielding a +0 whip of freezing and wearing a +0 robe (moderately wounded, 76% to hit)
The blast of sand misses Pikel.
The blast of sand hits the lemure.
The lemure is lightly wounded.
Pikel hits you with a +0 whip of freezing!
You die...

########......## ####
....<.....###..#####..#
#######............)..#
###.........#.###...#.#
.##...............#.#.#######
...............####....[....##
#............................###
##..............####.#######...#
##..........###.@K5..## #####
##..........# ####....####
............# ##......#
.##.........# #..>...#
........##### #......# #####
##..##....#########.#....####<...
##......#...................#....
#..####..........##.#.#####.#....
..## #.########.##.#.# #......


You could see Pikel and a lemure.

Vanquished Creatures
  A hound (D:4)
  An orc wizard (D:4)
  6 gnolls
  3 adders
  A worm (D:3)
  3 dart slugs
  8 orcs
  7 endoplasms
  5 giant cockroaches
  3 goblins
  3 hobgoblins
  2 jackals (D:3)
  A quokka (D:3)
  8 ball pythons
  3 bats
  2 kobolds
  5 rats
62 creatures vanquished.

Notes
Turn   | Place    | Note
-------+----------+-------------------------------------------
     0 | D:1      | st0uf the Gargoyle Earth Elementalist began the quest for
                  | the Orb.
     0 | D:1      | Reached XP level 1. HP: 10/10 MP: 3/3
   456 | D:1      | Reached skill level 4 in Earth Magic
   456 | D:1      | Reached XP level 2. HP: 13/15 MP: 1/5
  1033 | D:1      | Reached XP level 3. HP: 17/19 MP: 6/6
  1039 | D:1      | Found a faded altar of an unknown god.
  1363 | D:2      | Noticed Sigmund
  1503 | D:3      | Reached XP level 4. HP: 19/24 MP: 4/7
  1507 | D:3      | Learned a level 3 spell: Stone Arrow
  1714 | D:3      | Found a blossoming altar of Fedhas.
  2005 | D:3      | Reached skill level 5 in Earth Magic
  2717 | D:4      | Reached skill level 1 in Conjurations
  2717 | D:4      | Reached XP level 5. HP: 28/28 MP: 6/9
  3000 | D:4      | Found a radiant altar of Vehumet.
  3064 | D:4      | Became a worshipper of Vehumet
  3409 | D:4      | Noticed a lemure
  3410 | D:4      | Noticed Pikel
  3410 | D:4      | Noticed a lemure
  3410 | D:4      | Noticed a lemure
  3410 | D:4      | Noticed a lemure
  3432 | D:3      | Slain by Pikel

Illustrated notes

Levels and vault maps discovered:
D:1:      ncdulo_smallfort, layout_rooms, chequers_ecumenical_altar_island
D:2:      wander_river, layout_rooms, serial_corexii_hall,
          corexii_hall_statues_i, corexii_hall_statues_x,
          corexii_hall_statues_x, chequers_hall_statues_y, uniq_sigmund
D:3:      layout_rooms, nicolae_overflow_crystal_walls
D:4:      layout_loops_ring, vehumet_crystals, uniq_pikel

Skill      XL: |  1  2  3  4  5 |
---------------+----------------+-----
Earth Magic    | 4 5 |  5.4
Dodging        | 2 |  2.4
Conjurations   | 1 |  1.9
Spellcasting   | 3 |  3.0
Fighting       | |  0.8
Stealth        | |  2.8
Transmutations | |  0.7

Action                   |  1- 3 |  4- 6 || total
-------------------------+-------+-------++-------
Melee: Unarmed           |    49 |       ||    49
       Spear             |    67 |    98 ||   165
       Short sword       |       |    18 ||    18
 Cast: Sandblast         |    15 |    37 ||    52
 Stab: Sleeping          |     1 |     1 ||     2
Armor: Robe              |    39 |    45 ||    84
Dodge: Dodged            |    71 |    80 ||   151

Table legend: (Time is in decaauts)
 A = Elapsed time spent in this place.
 B = Non-inter-level travel time spent in this place.
 C = Inter-level travel time spent in this place.
 D = Time resting spent in this place.
 E = Time spent auto-exploring this place.
 F = Levels seen in this place.
 G = Mean time per level.
                   A        B        C        D        E       F      G
               +--------+--------+--------+--------+--------+-----+--------+
         Total |   3454 |   3434 |     20 |    747 |   1952 |   4 |  863.5 |
       Dungeon |   3454 |   3434 |     20 |    747 |   1952 |   4 |  863.5 |
               +--------+--------+--------+--------+--------+-----+--------+

Top non-repeatable levels by time:
     D:3: 1239 daAuts
     D:1: 1148 daAuts
     D:4: 798 daAuts
     D:2: 268 daAuts
